 Dungeon Crawl Stone Soup version 0.32-a0-938-g40ac7a0f4d (webtiles) character file.

Game seed: 1426848613094325987

54 LadyBoffin the Conjurer (level 3, 0/19 HPs)
             Began as a Deep Elf Conjurer on Apr 15, 2024.
             Slain by a goblin
             ... wielding a +0 club
             ... led by Robin
              (5 damage)
             ... on level 2 of the Dungeon.
             The game lasted 00:01:54 (1148 turns).

LadyBoffin the Conjurer (Deep Elf Conjurer)         Turns: 1148, Time: 00:01:54

Health: 0/19       AC:  2    Str:  4    XL:     3   Next: 66%
Magic:  0/10       EV: 12    Int: 24    God:
Gold:   23         SH:  0    Dex: 13    Spells: 6/9 levels left

rFire   . . .        f - +0 dagger
rCold   . . .        (no shield)
rNeg    . . .        a - +0 robe
rPois   .            (no helmet)
rElec   .            (no cloak)
rCorr   .            (no gloves)
SInv    +            (no boots)
Will    .....        (no amulet)
Stlth   ++           d - ring of see invisible
HPRegen 0.23/turn    (no ring)
MPRegen 0.12/turn

%: no passive effects
@: no status effects
A: no striking features
a: no special abilities


You were on level 2 of the Dungeon.
You visited 1 branch of the dungeon, and saw 2 of its levels.

You collected 23 gold pieces.

Inventory:

Hand Weapons
 f - a +0 dagger (weapon)
Armour
 a - a +0 robe (worn)
Jewellery
 d - a ring of see invisible (left hand)
Scrolls
 c - a scroll of blinking {unknown}
 e - 6 scrolls of identify {unknown}
 g - a scroll of teleportation {unknown}
Potions
 b - a potion of magic
 h - a potion of curing {unknown}
 i - a potion of berserk rage {unknown}


   Skills:
 + Level 3.2 Dodging
 + Level 3.4 Stealth
 + Level 3.7 Spellcasting
 + Level 4.8 Conjurations


You had 6 spell levels left.
You knew the following spells:

 Your Spells              Type           Power      Damage    Failure   Level
a - Magic Dart            Conj           100%       1d8       1%          1
b - Searing Ray           Conj           54%        2d6       1%          2

Your spell library contained the following spells:

 Spells                   Type           Power      Damage    Failure   Level
 Fulminant Prism          Conj/Alch      8%         3d7       36%         4
 Iskenderun's Mystic Bla Conj/Tloc 16%            2d5        (+2d2     36%         4


Dungeon Overview and Level Annotations

Branches:
Dungeon (2/15)

Altars:


Message History

The goblin misses you.
You barely miss the goblin. The goblin hits you with a +0 dagger.
You closely miss the goblin. The goblin completely misses you.
Robin hits you with a +0 mace.
You hit the goblin.
You kill the goblin!
Robin barely misses you.
You see here a +0 dagger.
The goblin no longer looks unusually strong.
Robin barely misses you.
You see here a +0 dagger.
You hit Robin.
Robin is severely wounded.
Robin roars a battlecry!
The goblin goes into a battle-frenzy!
Robin throws the goblin at you!
Casting: Searing Ray (safe; 2% risk of failure)
Confirm with . or Enter, or press ? or * to list all spells.
Aiming: Magic Dart (safe; 1% risk of failure)
Press: ? - help, Shift-Dir - straight line, f/p - Robin
Aim: Robin, wielding a +0 mace, wearing a +0 animal skin and wearing a +0 helmet (severely wounded, 100% to hit)
The magic dart hits Robin.
You kill Robin!
The goblin hits you but does no damage.
You hit the goblin.
The goblin is moderately wounded.
The goblin hits you with a +0 club.
You hit the goblin but do no damage.
The goblin is moderately wounded.
The goblin hits you with a +0 club.
* * * LOW HITPOINT WARNING * * *
The goblin hits you but does no damage.
Casting: Magic Dart (safe; 1% risk of failure)
Confirm with . or Enter, or press ? or * to list all spells.
You don't have enough magic to cast this spell.
Sorry, you're not good enough to have a special ability.
You hit the goblin.
You kill the goblin!
The goblin hits you with a +0 club.
You die...

### ############.#
)............#
############.#############
#...)@g).....))
############### ## .. ..
.. ♣#


You could see a goblin (strong).

Vanquished Creatures
  Robin (D:2)
  An adder (D:2)
  A dart slug (D:1)
  3 ball pythons (D:1)
  2 bats (D:1)
  3 endoplasms (D:1)
  A giant cockroach (D:1)
  5 goblins (D:2)
  6 hobgoblins
  A quokka (D:1)
  2 frilled lizards (D:1)
  4 kobolds (D:1)
30 creatures vanquished.

Notes
Turn   | Place    | Note
-------+----------+-------------------------------------------
     0 | D:1      | LadyBoffin the Deep Elf Conjurer began the quest for the
                  | Orb.
     0 | D:1      | Reached XP level 1. HP: 10/10 MP: 6/6
   237 | D:1      | Reached XP level 2. HP: 15/15 MP: 5/8
   752 | D:1      | Found a faded altar of an unknown god.
   995 | D:1      | Learned a level 2 spell: Searing Ray
  1046 | D:2      | Reached XP level 3. HP: 19/19 MP: 5/10
  1129 | D:2      | Noticed Robin
  1145 | D:2      | Killed Robin
  1148 | D:2      | Slain by a goblin

Illustrated notes

Levels and vault maps discovered:
D:1:      roderic_crossed_star, layout_loops_ring, ebering_ecumenical_altar_mist
D:2:      wad_woods_pond, layout_basic, basic_altar, st_stairs_5, uniq_robin,
          uniq_jessica

Skill      XL: |  1  2 |
---------------+-------+-----
Stealth        | 3 |  3.4
Dodging        | 3 |  3.2
Spellcasting   | |  3.7
Conjurations   | |  4.8

Action                     || total
---------------------------++-------
  Melee: Dagger            ||     7
   Cast: Magic Dart        ||    60
         Searing Ray       ||     1
    Use: Potion            ||     2
 Armour: Robe              ||    11
  Dodge: Dodged            ||     9

Table legend: (Time is in decaauts)
 A = Elapsed time spent in this place.
 B = Non-inter-level travel time spent in this place.
 C = Inter-level travel time spent in this place.
 D = Time resting spent in this place.
 E = Time spent auto-exploring this place.
 F = Levels seen in this place.
 G = Mean time per level.
                   A        B        C        D        E       F      G
               +--------+--------+--------+--------+--------+-----+--------+
         Total |   1146 |   1104 |     42 |      0 |    985 |   2 |  573.0 |
       Dungeon |   1146 |   1104 |     42 |      0 |    985 |   2 |  573.0 |
               +--------+--------+--------+--------+--------+-----+--------+

Top non-repeatable levels by time:
     D:1: 1037 daAuts
     D:2: 109 daAuts
